 Dungeon Crawl Stone Soup version 0.31-a0-18-gea43df2 (webtiles) character file.

Game seed: 7955932662938373465

52 Nithhogg the Trooper (level 3, -1/33 HPs)
             Began as a Hill Orc Fighter on May 8, 2023.
             Slain by a frilled lizard (2 damage)
             ... on level 2 of the Dungeon.
             The game lasted 00:01:31 (980 turns).

Nithhogg the Trooper (Hill Orc Fighter)              Turns: 980, Time: 00:01:31

Health: -1/33      AC:  8    Str: 20    XL:     3   Next: 85%
Magic:  4/4        EV:  9    Int:  8    God:
Gold:   36         SH:  0    Dex: 10    Spells: 2/2 levels left

rFire   . . .        a - +0 war axe
rCold   . . .        (no shield)
rNeg    . . .        b - +0 scale mail
rPois   .            e - +0 helmet
rElec   .            (no cloak)
rCorr   .            (no gloves)
SInv    .            (no boots)
Will    .....        (no amulet) Stlth
                     (no ring)
HPRegen 0.25/turn    (no ring)
MPRegen 0.09/turn

%: no passive effects
@: mighty
A: no striking features
a: no special abilities


You were on level 2 of the Dungeon.
You visited 1 branch of the dungeon, and saw 2 of its levels.

You collected 36 gold pieces.

Inventory:

Hand Weapons
 a - a +0 war axe (weapon)
Armour
 b - a +0 scale mail (worn)
 c - a +0 buckler
 e - a +0 helmet (worn)
Scrolls
 f - a scroll of identify
 h - a scroll of enchant weapon
Potions
 g - a potion of heal wounds {unknown}


   Skills:
 + Level 4.2 Fighting
 + Level 3.5 Axes
 + Level 3.8 Armour
 - Level 3.2 Shields
 + Level 2.0 Invocations


You had 2 spell levels left.
You didn't know any spells.
Your spell library was empty.

Dungeon Overview and Level Annotations

Branches:
Dungeon (2/15)

Altars:


Message History

The hobgoblin is heavily wounded.
You hit Robin. You hit the goblin.
You kill the goblin!
You miss the goblin. The goblin closely misses you.
The hobgoblin barely misses you. Robin hits you with a +0 mace.
The goblin hits you but does no damage. Robin closely misses you.
The hobgoblin barely misses you.
You hit Robin.
Robin is severely wounded.
You slash the hobgoblin!
You kill the hobgoblin!
You closely miss the goblin. You barely miss the goblin.
The hobgoblin no longer looks unusually strong.
The goblin hits you with a +0 dagger.
* * * LOW HITPOINT WARNING * * *
Robin closely misses you. The goblin closely misses you.
You hit Robin.
Robin is almost dead.
You barely miss the goblin. You hit the hobgoblin. You barely miss the goblin.
Robin roars a battlecry!
The hobgoblin goes into a battle-frenzy!
The hobgoblin hits you.
* * * LOW HITPOINT WARNING * * *
The goblin hits you with a +0 dagger.
* * * LOW HITPOINT WARNING * * *
The goblin hits you but does no damage.
You hear an angry hiss.
You slash Robin!
You kill Robin!
You slash the goblin!
You kill the goblin!
You closely miss the goblin. You hit the hobgoblin.
You kill the hobgoblin!
The goblin hits you but does no damage.
The frilled lizard bites you but does no damage.
The goblin hits you but does no damage.
Your Invocations skill increases to level 2!
You closely miss the goblin. Your punch misses the goblin.
You miss the frilled lizard. The frilled lizard bites you.
You die...

.... .......<......#
...... ###.###...##..#
......####.###...#
.................##.
.....................
#...#.#...##........
.##...#.†............#
......†.g#)###.<......
#..>.))l@)........###
#....#.)#.###.......
#... #..### ####..##
#.. #... ... .~≈≈≈ ..
..~.≈≈≈ # #.~~≈~~≈#
...~.~~##


You could see a goblin (strong) and a frilled lizard.

Vanquished Creatures
  Robin (D:2)
  A gnoll (D:1)
  2 endoplasms (D:1)
  2 giant cockroaches (D:1)
  7 goblins
  3 hobgoblins (D:2)
  4 jackals (D:1)
  A kobold (D:1)
  A quokka (D:1)
  3 ball pythons
  A bat (D:1)
  A rat (D:2)
27 creatures vanquished.

Notes
Turn   | Place    | Note
-------+----------+-------------------------------------------
     0 | D:1      | Nithhogg the Hill Orc Fighter began the quest for the Orb.
     0 | D:1      | Reached XP level 1. HP: 19/19 MP: 1/1
   285 | D:1      | Reached XP level 2. HP: 27/27 MP: 2/2
   304 | D:1      | Reached skill level 1 in Invocations
   475 | D:1      | Reached skill level 4 in Fighting
   475 | D:1      | Reached XP level 3. HP: 28/33 MP: 2/4
   963 | D:2      | Noticed Robin
   978 | D:2      | HP: 1/33 [goblin/+0 dagger[Robin] (3)]
   979 | D:2      | Killed Robin
   980 | D:2      | Slain by a frilled lizard

Illustrated notes

Levels and vault maps discovered:
D:1:      nzn_arrival_water_spiral, layout_basic
D:2:      cheibrodos_helix_gallery, layout_basic, serial_rivers,
          chequers_serial_rivers_micro_e, chequers_serial_rivers_small_3,
          chequers_serial_rivers_large_a, chequers_serial_rivers_micro_e,
          uniq_robin, uniq_terence, uniq_crazy_yiuf_cottage

Skill      XL: |  1  2  3 |
---------------+----------+-----
Axes           | 3 |  3.5
Invocations    | 1 2 |  2.0
Fighting       | 4 |  4.2
Armour         | |  3.8
Shields        | |  3.2

Action                     || total
---------------------------++-------
  Melee: War axe           ||    57
    Use: Scroll            ||     2
         Potion            ||     1
 Armour: Scale mail        ||    50
  Dodge: Dodged            ||    56

Table legend: (Time is in decaauts)
 A = Elapsed time spent in this place.
 B = Non-inter-level travel time spent in this place.
 C = Inter-level travel time spent in this place.
 D = Time resting spent in this place.
 E = Time spent auto-exploring this place.
 F = Levels seen in this place.
 G = Mean time per level.
                   A        B        C        D        E       F      G
               +--------+--------+--------+--------+--------+-----+--------+
         Total |    999 |    996 |      3 |      0 |    849 |   2 |  499.5 |
       Dungeon |    999 |    996 |      3 |      0 |    849 |   2 |  499.5 |
               +--------+--------+--------+--------+--------+-----+--------+

Top non-repeatable levels by time:
     D:1: 964 daAuts
     D:2: 35 daAuts
